Map: Blackpink LE

Players

Optimus

  • Race: Terran Terran
  • Spawn Location: 7:00

HeRoMaRinE - Winner!

  • Race: Terran Terran
  • Spawn Location: 1:00

Event: WCS Leipzig 2018

VOD

Have the link to the VOD?

Description

Time

  • Played on: Jan. 26, 2018, 6:49 a.m.
  • Length: 9:34

All games in this series

Show
View Real Time Build Order
Export as new Build Order

Optimus Terran 

Build Orders: Gas First Reaper Expand, Reaper Expand, Mech 

Get SALT Encoding   

  12  0:00  SCV  
  13  0:12  SCV  
  14  0:18  Supply Depot  
  14  0:25  SCV  
  14  0:28  Refinery  
  15  0:39  SCV  
  16  0:45  Barracks  
  16  0:51  SCV  
  17  1:03  SCV  
  18  1:15  SCV  
  19  1:32  Orbital Command, Reaper  
  20  1:46  Command Center  
  20  1:57  Factory  
  20  2:01  SCV  
  21  2:07  Reaper  
  22  2:12  Supply Depot  
  22  2:15  SCV  
  23  2:21  Refinery  
  23  2:33  SCV  
  24  2:39  Barracks Reactor  
  24  2:43  Hellion  
  26  2:45  SCV  
  27  2:57  SCV  
  28  2:59  Orbital Command  
  28  3:09  SCV  
  29  3:18  Hellion  
  29  3:19  Hellion  
  33  3:22  SCV  
  34  3:27  Command Center  
  34  3:28  SCV  
  34  3:34  SCV  
  36  3:36  Supply Depot  
  36  3:41  SCV  
  37  3:46  SCV  
  38  3:50  Cyclone x2  
  38  3:53  SCV  
  45  3:58  SCV  
  46  4:04  Factory  
  46  4:05  SCV  
  46  4:07  Refinery  
  46  4:08  Refinery  
  46  4:11  SCV  
  44  4:18  Barracks Tech Lab, Starport  
  44  4:19  SCV  
  45  4:26  Supply Depot  
  45  4:32  Hellion x2, SCV  
  45  4:36  SCV  
  51  4:43  Orbital Command  
  51  4:44  Barracks Reactor  
  51  4:45  SCV  
  52  4:49  SCV  
  53  4:55  Siege Tank  
  53  4:59  Hellion  
  60  5:00  Hellion  
  60  5:01  SCV  
  60  5:03  SCV  
  62  5:10  SCV  
  62  5:13  SCV  
  64  5:15  SCV  
  64  5:16  Supply Depot  
  64  5:19  Factory  
  65  5:25  Viking  
  65  5:26  Viking  
  65  5:27  Barracks Tech Lab  
  69  5:30  Siege Tank  
  69  5:34  SCV x2  
  73  5:44  Orbital Command  
  73  5:46  SCV x2  
  73  5:49  Hellion x2  
  74  5:57  Viking  
  74  5:58  SCV, Viking  
  74  5:59  SCV  
  80  6:06  Siege Tank  
  80  6:11  SCV  
  84  6:16  SCV, Siege Tank  
  88  6:18  Supply Depot  
  88  6:21  Supply Depot  
  88  6:32  Viking  
  90  6:33  Viking  
  90  6:36  SCV  
  93  6:40  SCV x2, Siege Tank  
  93  6:43  Supply Depot  
  93  6:46  Hellion, Supply Depot  
  102  6:47  Hellion  
  102  6:50  SCV  
  102  6:52  SCV  
  104  6:55  Siege Tank  
  104  6:56  SCV  
  108  7:03  Factory  
  108  7:05  SCV x2, Factory  
  95  7:17  SCV x2, Orbital Command  
  89  7:26  Hellion x2  
  89  7:29  SCV x2  
  95  7:32  Siege Tank  
  98  7:38  Siege Tank  
  98  7:40  Liberator x2  
  98  7:41  SCV  
  102  7:44  SCV x2  
  104  7:53  SCV, Factory Tech Lab, Factory Reactor  
  112  7:58  SCV x2  
  113  8:05  SCV  
  113  8:07  Supply Depot  
  113  8:09  Hellion  
  116  8:13  Hellion  
  116  8:16  SCV x2  
  96  8:20  SCV  
  96  8:23  Siege Tank x2  
  93  8:28  SCV x2  
  93  8:32  SCV  
  92  8:39  Hellion x2  
  92  8:40  Hellion, SCV  
  100  8:47  SCV  
  101  8:50  Refinery x2  
  101  8:51  Armory  
  101  8:54  Siege Tank  
  103  8:56  SCV x2  
  103  9:01  Hellion  
  107  9:06  Hellion  
  107  9:09  Hellion  
  111  9:15  SCV x2  
Show
View Real Time Build Order
Export as new Build Order

HeRoMaRinE Terran - Winner!

Build Orders: Cyclone Opening, Reaper Expand, MMM Bio 

Get SALT Encoding   

  12  0:00  SCV  
  13  0:12  SCV  
  14  0:17  Supply Depot  
  14  0:24  SCV  
  15  0:39  SCV  
  15  0:40  Barracks  
  16  0:43  Refinery  
  16  0:51  SCV  
  17  1:03  SCV  
  18  1:15  SCV  
  19  1:26  Reaper  
  19  1:28  Orbital Command  
  20  1:48  Command Center  
  20  1:54  Supply Depot  
  20  1:55  SCV  
  20  1:58  Marine  
  22  2:07  SCV  
  23  2:09  Factory  
  23  2:17  Barracks  
  23  2:20  SCV  
  24  2:23  Barracks Reactor  
  24  2:26  Refinery  
  24  2:32  SCV  
  26  2:44  SCV  
  26  2:54  Cyclone  
  26  2:56  SCV  
  30  3:00  Orbital Command  
  30  3:05  Barracks Tech Lab  
  30  3:06  Marine x2  
  30  3:08  SCV  
  33  3:20  SCV  
  33  3:25  Marine x2, Stimpack  
  33  3:26  Marine  
  37  3:27  SCV  
  37  3:32  SCV  
  37  3:34  Supply Depot  
  39  3:37  Starport  
  39  3:39  SCV  
  40  3:43  Marine x2  
  40  3:44  SCV, Marine  
  40  3:45  Factory Reactor  
  43  3:52  SCV  
  43  3:54  Engineering Bay  
  44  3:56  SCV  
  45  4:04  SCV  
  45  4:05  Supply Depot  
  45  4:06  Marine x2  
  45  4:07  Marine  
  45  4:09  SCV  
  50  4:16  SCV  
  51  4:24  SCV, Supply Depot  
  51  4:25  Missile Turret  
  51  4:29  SCV  
  51  4:30  Missile Turret  
  51  4:31  Medivac x2  
  55  4:32  Marine  
  55  4:33  Marine  
  55  4:35  Marine  
  60  4:41  Refinery, Terran Infantry Weapons Level 1  
  60  4:43  SCV  
  60  4:44  SCV  
  62  4:49  Supply Depot  
  62  4:50  Factory Tech Lab  
  62  4:54  Marine  
  62  4:55  Refinery, SCV, Marine  
  62  4:56  SCV  
  62  4:57  Marine  
  67  5:07  SCV  
  67  5:09  SCV  
  67  5:11  Siege Tank  
  67  5:12  Marine  
  67  5:13  Marine  
  67  5:14  Supply Depot  
  74  5:15  Marine  
  74  5:20  SCV  
  74  5:21  SCV  
  77  5:26  Combat Shields  
  77  5:28  Supply Depot  
  77  5:29  Marine  
  77  5:35  Marine  
  79  5:36  Medivac  
  79  5:37  Supply Depot  
  81  5:44  Marine  
  81  5:47  Marine  
  83  5:50  SCV x2  
  83  5:53  Marine  
  83  5:55  Medivac  
  83  5:56  Siege Tank  
  85  6:02  Marine  
  86  6:05  Marine  
  86  6:08  Liberator, Command Center  
  86  6:11  Liberator, Marine  
  88  6:14  SCV  
  88  6:16  Barracks  
  89  6:18  Supply Depot  
  89  6:25  Marine  
  91  6:32  Marine  
  98  6:33  Marauder  
  98  6:35  SCV  
  98  6:36  SCV, Supply Depot, Terran Infantry Armor Level 1  
  101  6:43  Marine  
  102  6:48  SCV x2  
  102  6:49  Marine  
  105  6:55  Marauder  
  105  7:00  Marine  
  108  7:06  SCV x2  
  110  7:09  Marine  
  98  7:16  Marauder  
  98  7:17  Barracks Tech Lab  
  98  7:18  Marine  
  98  7:20  SCV x2  
  98  7:21  Barracks x2  
  98  7:22  Siege Tank  
  100  7:27  Medivac x2, Marine  
  100  7:33  SCV x2, Orbital Command  
  100  7:36  Concussive Shells, Marauder  
  104  7:37  Marauder  
  104  7:43  Armory, Marine, Engineering Bay  
  107  7:45  SCV x2, Marine  
  110  7:55  Siege Tank  
  110  7:57  Refinery x2  
  110  7:58  SCV, Marauder, Factory  
  115  7:59  SCV x2, Marauder  
  115  8:02  Supply Depot  
  120  8:10  SCV  
  120  8:11  SCV x2  
  122  8:15  Marine  
  122  8:16  Marine  
  122  8:19  Marauder  
  115  8:23  SCV x2  
  115  8:25  Marauder  
  115  8:26  Barracks Tech Lab, Barracks Reactor  
  110  8:29  SCV, Supply Depot  
  110  8:33  Marine x2  
  111  8:35  SCV x2  
  111  8:40  Medivac x2  
  111  8:41  Marauder, Siege Tank  
  117  8:44  Factory Tech Lab  
  117  8:46  Marauder  
  117  8:48  Marauder  
  123  8:52  Marine x2  
  123  8:55  Supply Depot  
  125  8:58  Command Center  
  125  9:08  Marauder  
  125  9:09  Marauder  
  129  9:10  Marine x2  
  129  9:14  Marine x2  
  138  9:28  Supply Depot  
Tags
 
Add a new tag
Caveats
  • Supply blocks, unpowered buildings, or Contaminate may cause inaccurate times.
  • Supply counts are checked every 10 seconds.